AoeStats
← 150490644@

Arabian Desert

509699632Analyzed
1v1 RM · 4d ago on Sep 27, 2026· 38m 34s· 2 players
Game mode
Random Map
Map size
Tiny (2 player)
Population
200
Speed
Normal
Resources
Standard
Victory
Conquest
Starting age
Dark Age
Ending age
Imperial Age
RankedLock teamsTeams togetherTeam positionsShared explorationLock speedFull tech treeHidden civsTurbo modeCheats
Victory
Defeat
🇫🇮 Varangians · Finland
1012
+17
🇮🇹 Franks · Italy
1037
-17
grandmaster8574
7:39 Loom
10:09 Feudal Age
10:50 Double-Bit Axe
19:49 Castle Age
18:17 Horse Collar
19:18 Scale Barding Armor
20:14 Bloodlines
20:48 Husbandry
23:34 Forging
25:32 Fletching
27:00 Pikeman
32:41 Bodkin Arrow
39:54 Imperial Age
38:45 Heavy Plow
150490644@
6:31 Loom
9:09 Feudal Age
10:07 Double-Bit Axe
17:41 Wheelbarrow
18:26 Gold Mining
19:30 Scale Barding Armor
21:41 Castle Age
20:13 Scale Barding Armor
20:49 Forging
21:34 Stone Mining
22:40 Husbandry
23:03 Chain Barding Armor
23:47 Bow Saw
24:54 Hand Cart
28:43 Gold Shaft Mining
29:38 Iron Casting
35:49 Town Watch
39:22 Imperial Age
Connection lost

Rejoining the realm…

Still unreachable

The connection could not be restored.

Session expired

The server has moved on; the page needs a fresh start.